 Dungeon Crawl Stone Soup version 0.28.0-43-g3370ac3207 (webtiles) character file.

Game seed: 14014864333996841441

297 Revguard the Ducker (level 6, -3/47 HPs)
             Began as a Demonspawn Gladiator on Mar 5, 2022.
             Slain by a black bear (8 damage)
             ... on level 4 of the Dungeon.
             The game lasted 00:10:55 (4269 turns).

Revguard the Ducker (Demonspawn Gladiator)          Turns: 4269, Time: 00:10:56

Health: -3/47      AC: 10    Str: 15    XL:     6   Next: 12%
Magic:  6/6        EV: 12    Int:  9    God:
Gold:   151        SH:  0    Dex: 16    Spells: 6/6 levels left

rFire   . . .      SeeInvis .   a - +1 long sword
rCold   . . .      Faith    .   (no shield)
rNeg    . . .      Spirit   .   k - +0 ring mail
rPois   .          Reflect  .   c - +0 helmet
rElec   .          Harm     .   i - +0 cloak
rCorr   .          Rampage  .   (no gloves)
Will    .....                   (no boots)
Stlth   +.........              (no amulet)
HPRegen 0.15/turn               (no ring)
MPRegen 0.10/turn               (no ring)

@: no status effects
A: thin metallic scales 2
a: no special abilities


You were on level 4 of the Dungeon.
You visited 1 branch of the dungeon, and saw 4 of its levels.

You collected 151 gold pieces.

Inventory:

Hand Weapons
 a - a +1 long sword (weapon)
Missiles
 d - 4 throwing nets (quivered)
Armour
 b - a +0 leather armour
 c - a +0 helmet (worn)
 i - a +0 cloak (worn)
 k - a +0 ring mail (worn)
Wands
 e - a wand of acid (13)
 g - a wand of flame (26)
Scrolls
 h - 2 scrolls of blinking
 l - a scroll of magic mapping
 p - a scroll of amnesia
Potions
 f - a potion of flight
 j - a potion of cancellation


   Skills:
 + Level 3.3 Fighting
 + Level 3.6 Long Blades
 - Level 1.7 Throwing
 + Level 3.1 Armour
 + Level 3.7 Dodging
 * Level 0.6 Spellcasting


You had 6 spell levels left.
You didn't know any spells.
Your spell library contained the following spells:

 Spells                   Type           Power      Damage    Failure   Level
 Animate Skeleton         Necr           0%         N/A       58%         1
 Apportation              Tloc           0%         N/A       58%         1
 Summon Small Mammal      Summ           0%         N/A       58%         1


Dungeon Overview and Level Annotations

Branches:
Dungeon (4/15)
 Temple: D:4-7

Altars:
Trog
Uskayaw
The Shining One


Innate Abilities, Weirdness & Mutations

You are mostly covered in thin metallic scales. (AC +3)


Message History

You slash the black bear!
The black bear is severely wounded.
The black bear closely misses you. The black bear barely misses you.
The black bear claws you but does no damage.
The black bear goes berserk!
You closely miss the black bear.
The black bear is severely wounded.
The black bear closely misses you. The black bear claws you.
The black bear claws you but does no damage.
You barely miss the black bear.
The black bear is severely wounded.
The black bear bites you but does no damage.
The black bear claws you but does no damage.
The black bear claws you. The black bear bites you!
The black bear claws you but does no damage.
The black bear misses you.
You hit the black bear.
The black bear is almost dead.
The black bear bites you.
The black bear claws you but does no damage. x2
The black bear bites you but does no damage.
The black bear claws you but does no damage. x2
You hit the black bear.
The black bear is almost dead.
The black bear bites you. The black bear claws you.
The black bear closely misses you.
The black bear bites you but does no damage.
The black bear barely misses you. The black bear closely misses you.
You hit the black bear.
The black bear is almost dead.
The black bear bites you!
* * * LOW HITPOINT WARNING * * *
The black bear barely misses you. The black bear misses you.
The black bear barely misses you. The black bear claws you.
* * * LOW HITPOINT WARNING * * *
The black bear claws you but does no damage.
You closely miss the black bear.
The black bear is almost dead.
The black bear bites you!
You die...

***,#......#......## #.#.#.#.##
,,,*##...))#..†.(#.# #.#...#..#*
,,,,#.###.#......#.####....<...##
,,,#.....###.....#)#.............
,,,#......#.###.#...#............
,,,#..>..#.....##...#............
*,*......#.)....#...#............
,**#.....#.....#h#.#.#........:..
,,*.###.#......#@#.#.#...........
,*,,,.,*##....h#.#.#.#...........
,*,,,...#.###.#...#...#..........
,*,,,,,#.....##...#...#....#.....
*,,,,,,#......#...#..,#....######
**,,,,,#.....#.#.#.#,#.##.......#
*,***,#.....w#.#.#.#,#)#........#
,*,,,*##.....#.#.#.#,#.#..###..##
,*,,,,#.###.#.,,*,,,*...#........


You could see a black bear (berserk).

Vanquished Creatures
  An orc priest (D:4)
  Crazy Yiuf (D:3)
  Natasha (twice) (D:2)
  7 adders
  4 gnolls
  An adder skeleton (D:2)
  2 worms
  5 orcs (D:4)
  7 ball pythons
  10 endoplasms
  2 giant cockroaches
  8 goblins
  4 hobgoblins
  4 jackals (D:3)
  5 quokkas
  3 bats
  5 frilled lizards
  4 kobolds
  2 rats (D:2)
77 creatures vanquished.

Notes
Turn   | Place    | Note
-------+----------+-------------------------------------------
     0 | D:1      | Revguard the Demonspawn Gladiator began the quest for the
                  | Orb.
     0 | D:1      | Reached XP level 1. HP: 16/16 MP: 1/1
   238 | D:1      | Gained mutation: You are partially covered in thin metallic
                  | scales. (AC +2) [demonic ancestry]
   238 | D:1      | Reached XP level 2. HP: 21/22 MP: 2/2
   340 | D:1      | Reached skill level 1 in Armour
   849 | D:1      | Found a faded altar of an unknown god.
  1181 | D:2      | Reached XP level 3. HP: 28/28 MP: 3/3
  1499 | D:2      | Noticed Natasha
  1508 | D:2      | Killed Natasha
  1659 | D:2      | Found a hide-covered altar of Uskayaw.
  1689 | D:2      | Gained mutation: You are mostly covered in thin metallic
                  | scales. (AC +3) [demonic ancestry]
  1689 | D:2      | Reached XP level 4. HP: 15/34 MP: 4/4
  2045 | D:2      | Noticed Natasha
  2052 | D:2      | Killed Natasha
  2374 | D:3      | Reached XP level 5. HP: 20/40 MP: 5/5
  3411 | D:3      | Found a runed translucent door.
  3412 | D:3      | Noticed Crazy Yiuf
  3424 | D:3      | Killed Crazy Yiuf
  3784 | D:3      | Found a bloodstained altar of Trog.
  4064 | D:4      | Reached XP level 6. HP: 29/47 MP: 6/6
  4269 | D:4      | Slain by a black bear

Illustrated notes

Levels and vault maps discovered:
D:1:      dpeg_arrival_shrine, layout_loops_ring,
          shapermc_ecumenical_altar_venn, serial_forest,
          infiniplex_forest_clump_tiny, infiniplex_forest_straight_2,
          infiniplex_forest_lined_2, infiniplex_forest_straight_4,
          infiniplex_forest_clump_small, infiniplex_forest_pool,
          infiniplex_forest_lined_room_3, roderic_lattice_a
D:2:      layout_basic, basic_altar, uniq_natasha
D:3:      layout_loops_ring, mainiacjoe_overflow_paths,
          mainiacjoe_overflow_tiny_flanked, grunt_ministairs_12,
          uniq_crazy_yiuf_cottage
D:4:      nicolae_BIG_FREAKIN_CUBE, layout_rooms,
          chequers_temple_overflow_minitemple, uniq_blork_the_orc,
          uniq_eustachio

Skill      XL: |  1  2  3  4  5 |
---------------+----------------+-----
Armour         | 1 2 3 |  3.1
Long Blades    | 3 |  3.6
Dodging        | 3 |  3.7
Fighting       | 3 |  3.3
Throwing       | |  1.7
Spellcasting   | |  0.6

Action                   |  1- 3 |  4- 6 || total
-------------------------+-------+-------++-------
Melee: Long sword        |   110 |   171 ||   281
       Punch             |     1 |     1 ||     2
  Use: Scroll            |     2 |     6 ||     8
       Potion            |       |     6 ||     6
 Stab: Sleeping          |     1 |     1 ||     2
Armor: Leather armour    |    48 |    61 ||   109
       Ring mail         |       |    55 ||    55
       Skin              |       |     4 ||     4
Dodge: Dodged            |    76 |   192 ||   268
